cohdb
Replays
Latest Replays
All Replays
Popular Replays
Top Player Replays
Match Explorer
How It Works
Community
CoH3 Stats
Reddit
Sign in to upload your games and track your stats! →
Sign in with Steam
Match 42256926
Unlisted
Match 42256926
Overview
Messages
Build Orders
End
Construct Infanterie Kompanie
Grenadier Squad
Grenadier Squad
Grenadier Squad
Grenadier Squad
Infanterie Officer Quarters
Medical Station
Construct Luftwaffe Kompanie
Luftwaffe Officer Quarters
Construct Panzer Kompanie
Selects Breakthrough Battlegroup
Selects Rapid Production
Selects Blitzkrieg
Panzer IV Medium Tank
Panzer IV Medium Tank
Panzer IV Medium Tank
Panzer IV Medium Tank
Pioneer Squad
Pioneer Squad
Side Skirts
Panzer Officer Quarters
Panzer IV Medium Tank
Panzer IV Medium Tank
Selects Tiger Heavy Tank
Selects Assault Grenadiers
Selects Smoke Bombing Run
Selects Incendiary Bombing Run
Medical Bunker
Tiger Heavy Tank
Jäger Squad
Pioneer Squad
Pioneer Squad
Pioneer Squad
Incendiary Bombing Run
Smoke Bombing Run
Panzer IV Medium Tank
Smoke Bombing Run
Incendiary Bombing Run
Panzer IV Medium Tank
Lekpojken
Hudfadern
affinity
Bozzy
Atomic Floyd
Microsoft Outlook
deadsadbadmad
Alessandro-9891
0
0
Comments
sign in to comment!
No comments posted yet!